 Dungeon Crawl Stone Soup version 0.24-a0-375-g4de66ed42b (webtiles) character file.

Game seed: 9559744008566469111

372 HAL9000 the Cutter (level 6, -2/30 HPs)
             Began as a Vine Stalker Assassin on May 31, 2019.
             Slain by Duvessa
             ... wielding a +0 short sword
              (7 damage)
             ... on level 4 of the Dungeon.
             The game lasted 00:06:28 (2762 turns).

HAL9000 the Cutter (Vine Stalker Assassin)          Turns: 2762, Time: 00:06:29

Health: -2/30      AC:  4    Str: 15    XL:     6   Next: 71%
Magic:  0/7        EV: 11    Int: 12    God:
Gold:   194        SH:  0    Dex: 15    Spells: 5/5 levels left

rFire    . . .     SeeInvis .   a - +2 dagger
rCold    . . .     Gourm    .   (no shield)
rNeg     . . .     Faith    .   q - +0 leather armour
rPois    +         Spirit   +   (no helmet)
rElec    .         Reflect  .   c - +0 cloak
rCorr    .         Harm     .   (no gloves)
MR       .....                  (no boots)
Stlth    +++.......             (no amulet)
HPRegen  0.50/turn              i - ring of poison resistance
MPRegen  0.10/turn              p - ring of wizardry

@: no status effects
A: fangs 2, regeneration 1, magic shield, antimagic bite, no potion heal 3, rot
immunity
a: no special abilities


You were on level 4 of the Dungeon.
You were near starving.

You visited 1 branch of the dungeon, and saw 4 of its levels.

You collected 194 gold pieces.

Inventory:

Hand Weapons
 a - a +2 dagger (weapon)
Missiles
 d - 50 poisoned darts (quivered)
 g - 6 boomerangs
Armour
 b - a +0 robe
 c - a +0 cloak (worn)
 q - a +0 leather armour (worn)
Jewellery
 i - a ring of poison resistance (left hand)
 p - a ring of wizardry (right hand)
Scrolls
 j - 2 scrolls of identify {unknown}
 k - a scroll of noise {unknown}
 m - 3 scrolls of teleportation {unknown}
 n - 2 scrolls of remove curse {unknown}
 s - 3 scrolls of enchant armour {unknown}
 t - a scroll of amnesia {unknown}
 v - a scroll of blinking {unknown}
 w - a scroll of fog {unknown}
Potions
 h - 3 potions of brilliance {unknown}
 l - a potion of experience {unknown}
 o - a potion of lignification {unknown}
 r - a potion of heal wounds {unknown}
Comestibles
 f - 5 rations


   Skills:
 - Level 1.7 Fighting
 + Level 6.3 Short Blades
 - Level 1.7 Throwing
 - Level 0.7 Dodging
 - Level 4.8 Stealth


You had 5 spell levels left.
You didn't know any spells.
Your spell library contained the following spells:

 Spells                   Type           Power        Failure   Level  Hunger
 Animate Skeleton         Necr           N/A          16%         1    ##.....
 Pain                     Necr           #...         16%         1    ##.....
 Regeneration             Chrm/Necr      #.........   43%         3    ####...
 Vampiric Draining        Necr           #.........   43%         3    ####...
 Animate Dead             Necr           N/A          82%         4    #####..


Dungeon Overview and Level Annotations

Branches:
Dungeon (4/15)
 Temple: D:4-7

Altars:
Wu Jian

Annotations:
D:4 Duvessa


Innate Abilities, Weirdness & Mutations

You have extremely sharp teeth.
Your natural rate of healing is unusually fast.
When hurt, damage is shared between your health and your magic reserves.
Your bite disrupts and absorbs the magic of your enemies.
Potions cannot restore your health.
You are immune to rotting.


Message History

Duvessa is severely wounded.
Duvessa struggles against the net.
You hit Duvessa but do no damage. You bite Duvessa, but do no damage.
Duvessa is severely wounded.
Duvessa struggles against the net.
You hit Duvessa but do no damage.
Duvessa is severely wounded.
You hit Duvessa. You bite Duvessa, but do no damage.
Duvessa is severely wounded.
Duvessa struggles against the net.
You hit Duvessa but do no damage.
Duvessa is severely wounded.
Duvessa struggles against the net.
The net rips apart, and Duvessa comes free!
You hit Duvessa but do no damage. Your bite misses Duvessa.
Duvessa is severely wounded.
You hit Duvessa.
Duvessa is severely wounded.
Duvessa hits you with a +0 short sword!
You die...

.# .# ####.####
...###.......#
..........!..#
.....#......"#
#....######
####..########
##.e@.#...#
####.....#
###...# #...#
#...# ###...#
#######....##
........#######
#####.........#


You could see Duvessa (berserk).

Vanquished Creatures
  An ogre (D:4)
  A scorpion (D:4)
  Dowan (D:4)
  A bullfrog zombie (D:3)
  An orc priest (D:3)
  3 adders
  An ooze (D:2)
  2 worms
  6 dart slugs
  A leopard gecko (D:2)
  6 orcs
  2 giant cockroaches
  8 goblins
  9 hobgoblins
  7 jackals
  A quokka (D:2)
  6 bats
  9 frilled lizards
  12 kobolds
  6 rats
84 creatures vanquished.

Notes
Turn   | Place    | Note
-------+----------+-------------------------------------------
     0 | D:1      | HAL9000 the Vine Stalker Assassin began the quest for the
                  | Orb.
     0 | D:1      | Reached XP level 1. HP: 11/11 MP: 2/2
    36 | D:1      | Reached skill level 2 in Short Blades
    70 | D:1      | Reached XP level 2. HP: 13/15 MP: 3/3
   384 | D:1      | Reached skill level 3 in Short Blades
   417 | D:1      | Reached XP level 3. HP: 18/18 MP: 4/4
  1273 | D:2      | Gained mutation: Your natural rate of healing is unusually
                  | fast. [Vine Stalker growth]
  1273 | D:2      | Reached XP level 4. HP: 17/23 MP: 3/5
  1321 | D:2      | Reached skill level 4 in Short Blades
  1587 | D:2      | Found an ornate altar of the Wu Jian Council.
  2000 | D:3      | Reached XP level 5. HP: 13/26 MP: 4/6
  2207 | D:3      | Reached skill level 5 in Short Blades
  2614 | D:4      | Noticed an ogre
  2624 | D:4      | Killed an ogre
  2624 | D:4      | Reached XP level 6. HP: 30/30 MP: 7/7
  2660 | D:4      | Reached skill level 6 in Short Blades
  2733 | D:4      | Noticed Duvessa
  2733 | D:4      | Noticed Dowan
  2745 | D:4      | Killed Dowan
  2762 | D:4      | Slain by Duvessa

Levels and vault maps discovered:
D:1:      minmay_arrival_loop, layout_basic
D:2:      layout_loops_cross, marbit_many_paths
D:3:      layout_loops_ring, first_ration
D:4:      layout_rooms, overflow_temple_1_default, lemuel_doored_altar,
          uniq_duvessa

Skill      XL: |  1  2  3  4  5  6 |
---------------+-------------------+-----
Short Blades   | 2 3 4 5 6 |  6.3
Fighting       | |  1.7
Throwing       | |  1.7
Dodging        | |  0.7
Stealth        | |  4.8

Action                   |  1- 3 |  4- 6 || total
-------------------------+-------+-------++-------
Melee: Dagger            |   106 |   161 ||   267
       Bite              |    32 |    55 ||    87
Throw: Dart              |       |    15 ||    15
       Throwing net      |       |     1 ||     1
 Stab: Sleeping          |     9 |     4 ||    13
       Distracted        |       |     1 ||     1
  Eat: Chunk             |     1 |     3 ||     4
Armor: Robe              |    14 |     7 ||    21
       Leather armour    |       |     2 ||     2
Dodge: Dodged            |    42 |    58 ||   100

Table legend:
 A = Non-vault XP
 B = Vault XP
 C = Vault XP percentage of total XP
 D = Non-vault monster count
 E = Vault monster count
 F = Vault count percentage of total count
                 A         B        C        D         E       F
            +---------+---------+-------+---------+---------+-------
      Total |     461 |      71 |  13.3 |      82 |       2 |   2.4
            +---------+---------+-------+---------+---------+-------
        D:1 |      49 |       0 |   0.0 |      29 |       0 |   0.0
        D:2 |      97 |       2 |   2.0 |      34 |       1 |   2.9
        D:3 |     132 |       0 |   0.0 |      17 |       0 |   0.0
        D:4 |     183 |      69 |  27.4 |       2 |       1 |  33.3
            +---------+---------+-------+---------+---------+-------
